 Dungeon Crawl Stone Soup version 0.20-a0-1089-g3fde505 (webtiles) character file.

695 Alarkh the Cleaver (level 7, -3/53 HPs)
             Began as a Demonspawn Berserker on May 3, 2017.
             Was an Elder of Trog.
             Slain by an orc warrior
             ... wielding a +2 battleaxe of electrocution
              (14 damage)
             ... on level 5 of the Dungeon.
             The game lasted 00:05:56 (4400 turns).

Alarkh the Cleaver (Demonspawn Berserker)           Turns: 4400, Time: 00:05:57

Health: -3/53      AC:  8    Str: 17 (18) XL:     7   Next: 37%
Magic:  7/7        EV: 10    Int:  7 (8)  God:    Trog [****..]
Gold:   323        SH:  3    Dex: 18 (20) Spells: 6/6 levels left

rFire    . . .     SeeInvis .   a - +0 hand axe
rCold    . . .     Gourm    .   (no shield)
rNeg     . . .     Faith    .   G - +1 ring mail of Kaggaw {+Blink Int-2 Dex+3 Stlth+}
rPois    .         Spirit   .   (helmet restricted)
rElec    .         Reflect  +   j - +0 cloak
rCorr    .         Harm     .   (no gloves)
MR       .....                  (no boots)
Stlth    ++........             A - +3 amulet of reflection
Regen    0.2/turn               i - +5 ring of dexterity
MPRegen  0.1/turn               (no ring)

@: about to teleport, very slightly contaminated, slowed, extremely drained,
very slow
A: horns 2, rugged brown scales 1, powered by death 2
a: Berserk, Trog's Hand, Brothers in Arms, Burn Spellbooks, Renounce Religion,
Evoke Blink


You were on level 5 of the Dungeon.
You worshipped Trog.
Trog was greatly pleased with you.
You were not hungry.

You visited 1 branch of the dungeon, and saw 5 of its levels.
You also visited: Sewer.

You collected 323 gold pieces.

Inventory:

Hand Weapons
 a - a +0 hand axe (weapon)
Armour
 b - a +0 animal skin
 j - a +0 cloak (worn)
 G - the +1 ring mail of Kaggaw (worn) {+Blink Int-2 Dex+3 Stlth+}
   (You found it on level 4 of the Dungeon)

   It affects your intelligence (-2).
   It affects your dexterity (+3).
   It lets you blink.
   It makes you more stealthy.
Jewellery
 i - a +5 ring of dexterity (left hand)
 m - an uncursed ring of ice
 y - an uncursed amulet of harm
 A - a +3 amulet of reflection (around neck)
Scrolls
 d - a scroll of enchant armour {unknown}
 e - 2 scrolls of identify
 h - 3 scrolls of remove curse
 k - 5 scrolls of teleportation
 q - a scroll of recharging {unknown}
 C - a scroll of enchant weapon {unknown}
 D - a scroll of blinking
 E - a scroll of random uselessness {unknown}
 F - a scroll of noise {unknown}
Potions
 f - 2 potions of lignification {unknown}
 g - 3 potions of mutation
 l - a potion of berserk rage {unknown}
 o - 2 potions of degeneration
 p - a potion of resistance
 s - 2 potions of curing
 t - a potion of heal wounds {unknown}
 v - a potion of might {unknown}
 w - a potion of haste {unknown}
 z - 2 potions of brilliance {unknown}
 B - a potion of agility {unknown}
 I - 2 potions of flight
Comestibles
 c - 3 bread rations
 n - 2 royal jellies
 r - a meat ration
 u - 7 fruits
 H - 7 chunks of flesh


   Skills:
 - Level 3.0(0.0) Fighting
 + Level 8.0(0.0) Axes
 - Level 1.7(0.0) Armour
 - Level 1.7(0.0) Dodging


You had 6 spell levels left.
You didn't know any spells.

Dungeon Overview and Level Annotations

Branches:
Dungeon (5/15)
 Temple: D:4-7

Altars:
Makhleb
Zin

Annotations:
D:5 Dowan, Duvessa


Innate Abilities, Weirdness & Mutations

You have a pair of horns on your head.
You are partially covered in rugged brown scales. (AC +1, +3% HP)
You regenerate health from kills.


Message History

You closely miss Duvessa. Duvessa hits you with a short sword.
Unknown command.
You hit the orc warrior. Your headbutt misses the orc warrior.
The orc warrior is severely wounded.
You strike the helpless Duvessa from behind!
You hit Duvessa.
The orc warrior hits you with a battleaxe of electrocution!
You are electrocuted!
* * * LOW HITPOINT WARNING * * *
Duvessa hits you but does no damage.
You feel a strong urge to attack something.
You flicker for a moment.
You feel your anger subside.
You are no longer berserk.
You are exhausted.
You feel yourself slow down.
As you read the scroll of teleportation, it crumbles to dust.
You feel strangely unstable.
You flicker back into view.
The orc warrior hits you with a battleaxe of electrocution!
You die...

#.#...####.....#.#.
#########.#........#####.#.
....................(....#.
##.....#############.#...
##....##.##....#####.###.#...
##..####...####..##...#.#.#...
.........#..........##.##.....
.####..###eh####...#.###.#...
#........#..o@....##.## #.#...
#...####...####...#.## #.####
.## ##.## #..##.######.....
#...# ####.#.......#### ##.##
#########.# # #...eT.o# #.# #
....#.h8oe#.... #.# # ..
..#...#.. .. #.# # .#...8...#.
#.#


You could see Duvessa, an orc warrior and a hound.

Vanquished Creatures
  The ghost of Dominolapin the Frost Mage, an amateur BaIE of Sif Muna (Sewer)
  Sigmund (D:4)
  An orc warrior (D:5)
  An orc priest (D:5)
  Ijyb (D:5)
  A worker ant (D:4)
  A hound skeleton (D:5)
  3 adders
  4 oozes
  An adder zombie (D:5)
  6 worms
  A dart slug (D:1)
  6 leopard geckos
  2 orcs (D:5)
  3 ball pythons
  15 bats
  4 giant cockroaches
  10 goblins
  10 hobgoblins
  4 jackals (Sewer)
  11 kobolds
  2 quokkas
  8 frilled lizards
  5 rats
102 creatures vanquished.

Notes
Turn   | Place    | Note
-------+----------+-------------------------------------------
     0 | D:1      | Alarkh the Demonspawn Berserker began the quest for the Orb.
     0 | D:1      | Reached XP level 1. HP: 18/18 MP: 1/1
   106 | D:1      | Reached skill level 3 in Axes
   364 | D:1      | Gained mutation: You regenerate a little health from kills. [demonic ancestry]
   364 | D:1      | Reached XP level 2. HP: 6/24 MP: 2/2
  1497 | D:1      | You fall through a shaft!
  1508 | D:2      | Reached ** piety under Trog
  1508 | D:2      | Gained mutation: You have a pair of small horns on your head. [demonic ancestry]
  1508 | D:2      | Reached XP level 3. HP: 29/29 MP: 3/3
  1512 | D:2      | Reached skill level 4 in Axes
  1845 | D:2      | Gained mutation: You are partially covered in rugged brown scales. (AC +1, +3% HP) [demonic ancestry]
  1845 | D:2      | Reached XP level 4. HP: 28/36 MP: 4/4
  2282 | D:3      | Found a burning altar of Makhleb.
  2412 | D:3      | Found a glowing drain.
  2421 | Sewer    | Entered a sewer
  2427 | Sewer    | Reached *** piety under Trog
  2549 | Sewer    | Reached skill level 5 in Axes
  2767 | Sewer    | Noticed Dominolapin's ghost (amateur BaIE)
  2786 | Sewer    | Killed Dominolapin's ghost
  2786 | Sewer    | Reached skill level 6 in Axes
  2786 | Sewer    | Gained mutation: You regenerate health from kills. [demonic ancestry]
  2786 | Sewer    | Reached XP level 5. HP: 42/42 MP: 5/5
  2786 | Sewer    | Reached XP level 6. HP: 48/48 MP: 6/6
  3551 | D:4      | Noticed Sigmund
  3562 | D:4      | Killed Sigmund
  3562 | D:4      | Reached skill level 7 in Axes
  3666 | D:4      | Gained mutation: You have a pair of horns on your head. [demonic ancestry]
  3666 | D:4      | Reached XP level 7. HP: 45/53 MP: 7/7
  3879 | D:4      | Found a glowing silver altar of Zin.
  3916 | D:4      | Got a smelly ring mail
  3927 | D:4      | Identified the +1 ring mail of Kaggaw {+Blink Int-2 Dex+3 Stlth+} (You found it on level 4 of the Dungeon)
  4127 | D:5      | Entered Level 5 of the Dungeon
  4127 | D:5      | Noticed Ijyb
  4148 | D:5      | Killed Ijyb
  4223 | D:5      | Reached **** piety under Trog
  4224 | D:5      | Reached skill level 8 in Axes
  4379 | D:5      | Noticed Duvessa
  4381 | D:5      | Noticed Dowan
  4386 | D:5      | Noticed a troll
  4400 | D:5      | Slain by an orc warrior

Vault maps used:
D:1:      matt_arrival_spirals, minmay_hexomino_f4
D:2:      minmay_quantized
D:3:      lemuel_round_altar, cheibrodos_sewer_entry_sluice
D:4:      zin_academy, first_bread, kennysheep_crisscross, uniq_sigmund
D:5:      wad_crossroads, uniq_ijyb, uniq_prince_ribbit1, uniq_duvessa
Sewer:    sewer_fruit_machine

Skill      XL: |  1  2  3  4  5  6  7 |
---------------+----------------------+-----
Axes           | 3 4 6 7 8 |  8.0
Fighting       | |  3.0
Armour         | |  1.7
Dodging        | |  1.7

Action                   |  1- 3 |  4- 6 |  7- 9 || total
-------------------------+-------+-------+-------++-------
Melee: Hand axe          |   122 |   130 |    48 ||   300
       Headbutt          |     9 |    23 |     8 ||    40
Invok: Berserk           |     3 |     4 |     2 ||     9
  Use: Scroll            |     3 |     1 |     1 ||     5
       Potion            |       |     7 |     1 ||     8
 Stab: Sleeping          |     1 |     2 |     1 ||     4
       Invisible         |       |     1 |     2 ||     3
  Eat: Chunk             |     6 |     9 |     4 ||    19
       Fruit             |       |     1 |       ||     1
Armor: Animal skin       |    38 |    43 |       ||    81
       Ring mail         |       |       |    21 ||    21
Dodge: Dodged            |   101 |   133 |    13 ||   247
Block: Other             |       |       |     4 ||     4
